 Dungeon Crawl Stone Soup version 0.17.1-3-g152610e (webtiles) character file.

3168 Heskey the Fighter (level 9, -23/86 HPs)
             Began as a Hill Orc Fighter on Mar 24, 2016.
             Was a Believer of Beogh.
             Killed from afar by Psyche (24 damage)
             ... with a wand of fire
             ... on level 8 of the Dungeon.
             The game lasted 00:13:15 (7844 turns).

Heskey the Fighter (Hill Orc Fighter)               Turns: 7844, Time: 00:13:16

Health: -23/86     AC: 18    Str: 22    XL:     9   Next: 94%
Magic:  11/11      EV:  5    Int:  8    God:    Beogh [**....]
Gold:   424        SH: 11    Dex: 10    Spells: 0 memorised, 8 levels left

rFire  . . .     SeeInvis .     a - +0 war axe
rCold  + . .     Clarity  .     l - +0 plate armour
rNeg   . . .     SustAt   .     c - +0 shield
rPois  .         Gourm    .     s - +0 helmet (curse)
rElec  .         Spirit   .     (no cloak)
rCorr  .         Warding  .     d - +0 pair of gloves
rMut   .         Stasis   .     y - +0 pair of boots
MR     .....                    (no amulet)
Stlth  ..........               (no ring)
                                n - ring of protection from cold

@: not resistant to hostile enchantments, extremely unstealthy
A: no striking features
a: Smiting, Renounce Religion


You were on level 8 of the Dungeon.
You worshipped Beogh.
Beogh was pleased with you.
You were not hungry.

You visited 1 branch of the dungeon, and saw 8 of its levels.

You collected 424 gold pieces.

Inventory:

Hand Weapons
 a - a +0 war axe (weapon)
Missiles
 g - 4 tomahawks (quivered)
 h - 2 javelins
Armour
 c - a +0 shield (worn)
 d - a +0 pair of gloves (worn)
 l - a +0 plate armour (worn)
 s - a cursed +0 helmet (worn)
 y - a +0 pair of boots (worn)
Jewellery
 n - a ring of protection from cold (left hand)
Wands
 m - a wand of disintegration (18)
 t - a wand of paralysis (10)
 w - a wand of frost (32)
Scrolls
 b - a scroll of silence {unknown}
 i - 6 scrolls of identify
 j - a scroll of enchant armour
 o - 2 scrolls of enchant weapon {unknown}
 r - a scroll of recharging {unknown}
 z - 2 scrolls of blinking {unknown}
 A - a scroll of fear {unknown}
Potions
 f - a potion of curing
 p - a potion of flight
 v - a potion of lignification
Comestibles
 e - 10 bread rations
 k - 2 meat rations


   Skills:
 * Level 10.4 Fighting
 + Level 8.0 Axes
 + Level 7.3 Armour
 + Level 7.5 Shields
 + Level 3.7 Invocations


You had 8 spell levels left.
You didn't know any spells.

Dungeon Overview and Level Annotations

Branches:
Dungeon (8/15)             Temple (0/1) D:4
   Lair: D:8-11

Altars:
Ashenzari
Kikubaaqudgha
Makhleb
Nemelex Xobeh
Trog
Vehumet

Annotations:
D:7 exclusion: statue
D:8 Psyche


Message History

Psyche is lightly wounded.
Psyche hits you with a dagger of distortion.
Space bends around you. Psyche hits you but does no damage.
Space warps horribly around you!
You completely miss Psyche.
Psyche is lightly wounded.
Psyche gestures at you while chanting. The magic dart hits you!
Psyche zaps a wand.
The bolt of fire hits you!
You closely miss Psyche.
Psyche is lightly wounded.
Psyche zaps a wand.
The bolt of fire hits you!
* * * LOW HITPOINT WARNING * * *
Psyche zaps a wand.
The bolt of fire hits you! Psyche hits you but does no damage.
You feel strangely unstable.
Read which item? (? for menu, Esc to quit)
As you read the scroll of teleportation, it crumbles to dust.
You feel strangely stable.
Psyche zaps a wand.
The bolt of fire hits you!
* * * LOW HITPOINT WARNING * * *
Psyche zaps a wand.
The bolt of fire hits you!
You die...

## .# ######### .#
#.......# .# #......^#
.# #.......# .##########
#...@@..#
...[......###.$.....#
........................
..........##############
########### ... ###


You could see Psyche.

Vanquished Creatures
  The ghost of Heskey the Protected, a novice DDFi of Makhleb (D:7)
  A spriggan (D:7)
  2 hungry ghosts
  2 ice beasts
  A phantom (D:8)
  2 centaurs
  2 necrophages (D:7)
  A sky beast (D:5)
  5 ogres
  Blork the orc (D:4)
  A big kobold (D:7)
  A water moccasin zombie (D:4)
  2 scorpions
  2 hounds
  A jelly (D:7)
  2 crimson imps
  2 giant frog skeletons
  A centaur skeleton (D:6)
  2 giant frog zombies
  Terence (D:3)
  2 orc wizards
  4 orc priests
  6 worker ants
  An iguana (D:8)
  A hound zombie (D:8)
  A hound skeleton (D:7)
  2 adders
  3 gnolls (D:5)
  An ooze (D:1)
  An adder zombie (D:7)
  2 adder skeletons
  A worm (D:3)
  7 giant geckos
  15 orcs
  3 ball pythons
  3 bats
  6 giant cockroaches
  7 hobgoblins
  4 jackals
  8 kobolds
  2 quokkas
  A giant gecko skeleton (D:7)
  5 giant newts
  5 goblins
  8 rats
132 creatures vanquished.

Vanquished Creatures (others)
  3 orcs (D:4)
  2 giant cockroaches (D:4)
5 creatures vanquished.

Grand Total: 137 creatures vanquished

Notes
Turn   | Place    | Note
--------------------------------------------------------------
     0 | D:1      | Heskey the Hill Orc Fighter began the quest for the Orb.
     0 | D:1      | Reached XP level 1. HP: 19/19 MP: 1/1
    86 | D:1      | Reached XP level 2. HP: 18/27 MP: 2/2
   331 | D:1      | Reached skill level 4 in Fighting
   422 | D:1      | Reached XP level 3. HP: 26/33 MP: 3/3
   947 | D:3      | Noticed Terence
   960 | D:3      | Killed Terence
   960 | D:3      | Reached XP level 4. HP: 27/41 MP: 4/4
  1175 | D:3      | Found a shattered altar of Ashenzari.
  1289 | D:3      | Found a faded altar to an unknown god.
  1452 | D:4      | Reached skill level 5 in Fighting
  1452 | D:4      | Reached XP level 5. HP: 35/48 MP: 5/5
  1471 | D:4      | Became a worshipper of Beogh the Brigand
  1563 | D:4      | Reached XP level 6. HP: 43/56 MP: 6/6
  1749 | D:4      | Noticed Blork the orc
  1755 | D:4      | Killed Blork the orc
  1989 | D:4      | Found a staircase to the Ecumenical Temple.
  2251 | D:4      | Found a bloodstained altar of Trog.
  2487 | D:5      | Entered Level 5 of the Dungeon
  2539 | D:5      | Reached skill level 6 in Fighting
  2693 | D:5      | Reached * piety under Beogh
  2784 | D:5      | Reached skill level 5 in Shields
  2784 | D:5      | Reached XP level 7. HP: 36/64 MP: 7/7
  2810 | D:5      | Reached skill level 5 in Armour
  3177 | D:5      | Reached skill level 7 in Fighting
  3177 | D:5      | Reached skill level 5 in Axes
  3586 | D:5      | Reached XP level 8. HP: 69/73 MP: 8/8
  3811 | D:6      | Reached skill level 8 in Fighting
  4548 | D:6      | Found a sparkling altar of Nemelex Xobeh.
  4548 | D:6      | Found an ancient bone altar of Kikubaaqudgha.
  4751 | D:7      | Reached ** piety under Beogh
  4782 | D:7      | Reached skill level 9 in Fighting
  4924 | D:7      | Reached XP level 9. HP: 83/83 MP: 9/9
  4982 | D:7      | Noticed Heskey's ghost (novice DDFi)
  4995 | D:7      | Beogh protects you from harm!
  5827 | D:7      | Killed Heskey's ghost
  6223 | D:7      | Found a radiant altar of Vehumet.
  6264 | D:7      | Found a burning altar of Makhleb.
  6277 | D:7      | Reached skill level 10 in Fighting
  7836 | D:8      | Noticed Psyche
  7844 | D:8      | HP: 1/86 [Psyche/wand of fire (17)]
  7844 | D:8      | Killed from afar by Psyche

Action                   |  1- 3 |  4- 6 |  7- 9 || total
-------------------------+-------+-------+-------++-------
Melee: War axe           |    76 |   152 |   441 ||   669
Throw: Tomahawk          |       |       |     8 ||     8
       Javelin           |       |       |     3 ||     3
  Use: Scroll            |       |     6 |     5 ||    11
       Potion            |       |     2 |     7 ||     9
  Eat: Chunk             |       |     2 |     2 ||     4
       Meat ration       |       |     1 |     3 ||     4
       Beef jerky        |       |       |     3 ||     3
       Pizza             |       |       |     2 ||     2
